 Dungeon Crawl Stone Soup version 0.18-a0-455-gc7d4c65 (webtiles) character file.

239 xeno23 the Gusty (level 5, -2/38 HPs)
             Began as a Demigod Air Elementalist on Dec 1, 2015.
             Slain by a gnoll
             ... wielding a +0 spear
              (5 damage)
             ... on level 3 of the Dungeon.
             The game lasted 00:15:05 (3528 turns).

xeno23 the Gusty (Demigod Air Elementalist)         Turns: 3528, Time: 00:15:06

Health: -2/38      AC:  2    Str: 13    XL:     5   Next: 49%
Magic:  12/12      EV: 12    Int: 19    God:
Gold:   234        SH:  0    Dex: 16    Spells: 4 memorised, 2 levels left

rFire  + . .     SeeInvis .     h - +1 dagger (venom)
rCold  x . .     Clarity  .     a - +0 robe
rNeg   . . .     SustAt   +     (no shield)
rPois  .         Gourm    .     (no helmet)
rElec  .         Spirit   .     (no cloak)
rCorr  +         Dsmss    .     (no gloves)
rMut   .         Stasis   .     (no boots)
MR     .....                    d - amulet of resist corrosion
Stlth  +.........               (no ring)
                                f - ring of fire

@: lethally poisoned (-2 -> -8), repel missiles, not resistant to hostile
enchantments, very unstealthy
A: high mp 1, sustain attributes
a: no special abilities


You were on level 3 of the Dungeon.
You were not hungry.

You visited 1 branch of the dungeon, and saw 4 of its levels.

You collected 234 gold pieces.

Inventory:

Hand Weapons
 h - a +1 dagger of venom (weapon)
 m - a +1 halberd of protection
Armour
 a - a +0 robe (worn)
Jewellery
 d - an amulet of resist corrosion (around neck)
 f - a ring of fire (left hand)
Scrolls
 e - a scroll of fear {unknown}
 g - a scroll of remove curse
 i - a scroll of identify {unknown}
 j - a scroll of teleportation {unknown}
 n - 2 scrolls of blinking {unknown}
Books
 b - a book of Air

   Spells                             Type                      Level
   a - Shock                          Conjuration/Air              1
   b - Swiftness                      Charms/Air                   2
   c - Repel Missiles                 Charms/Air                   2
   d - Static Discharge               Conjuration/Air              3
   e - Lightning Bolt                 Conjuration/Air              5
Comestibles
 c - 3 bread rations
 o - 2 chunks of flesh


   Skills:
 - Level 1.7 Dodging
 - Level 1.7 Stealth
 + Level 3.2 Spellcasting
 + Level 3.0 Conjurations
 + Level 4.0 Air Magic


You had 2 spell levels left.
You knew the following spells:

 Your Spells              Type           Power        Failure   Level  Hunger
a - Shock                 Conj/Air       ###.         4%          1    None
b - Swiftness             Chrm/Air       ##......     12%         2    ##.....
q - Static Discharge      Conj/Air       ###.....     12%         3    ###....
r - Repel Missiles        Chrm/Air       ##....       12%         2    ##.....


Dungeon Overview and Level Annotations

Branches:
Dungeon (4/15)
 Temple: D:4-7


Innate Abilities, Weirdness & Mutations

You have an increased reservoir of magic (+10% MP).
Your attributes are resistant to harm.


Message History

The gnoll barely misses you.
A gnoll comes into view. It is wielding a whip.
Drink which item? (? for menu, Esc to quit)
Okay, then.
You enter the shallow water.
Moving in this stuff is going to be slow.
The ogre barely misses you.
Drink which item? (? for menu, Esc to quit)
It was a potion of poison.
That liquid tasted very nasty...
You are lethally poisoned!
* * * LOW HITPOINT WARNING * * *
You feel sick. The ogre barely misses you.
You take 1 damage.
Read which item? (? for menu, Esc to quit)
As you read the scroll labeled MYVEUL DIPPYLL, it crumbles to dust.
You feel blessed for a moment.
It was a scroll of remove curse.
* * * LOW HITPOINT WARNING * * *
You feel sick. The ogre closely misses you. The gnoll hits you with a spear.
You die...

##################
#............P....
#P.............P..
#≈g≈≈≈≈≈≈≈≈≈≈≈≈≈≈≈ #
#≈g≈≈≈≈≈≈≈≈≈≈≈≈≈≈≈ #
#@O#####≈≈≈≈≈≈≈≈≈≈ #
#≈≈#ggg#.......... #
#≈≈#...#'#########
#### #≈≈###'#.. ...#
#≈≈≈.#.#..
...######### #≈≈≈.#
...##......#####≈≈≈.#
...........##...≈≈≈.#
#+##.......##...≈≈≈.#


You could see an ogre and 2 gnolls.

Vanquished Creatures
  A gnoll shaman (D:3)
  3 adders
  8 gnolls (D:3)
  7 worms
  An orc (D:3)
  8 bats
  3 giant cockroaches
  6 hobgoblins
  25 jackals
  3 quokkas
  2 ball pythons (D:2)
  2 giant geckos (D:3)
  2 giant newts
  5 goblins
  6 kobolds
  3 rats (D:2)
85 creatures vanquished.

Notes
Turn   | Place    | Note
--------------------------------------------------------------
     0 | D:1      | xeno23 the Demigod Air Elementalist began the quest for the Orb.
     0 | D:1      | Reached XP level 1. HP: 14/14 MP: 5/5
   114 | D:1      | Found a sparkling altar of Nemelex Xobeh.
   256 | D:1      | Reached skill level 1 in Conjurations
   482 | D:2      | Reached skill level 3 in Air Magic
   482 | D:2      | Reached XP level 2. HP: 20/20 MP: 1/7
   618 | D:2      | HP: 1/20 [kobold (3)]
  1066 | D:2      | Reached XP level 3. HP: 14/26 MP: 0/9
  1995 | D:3      | Reached XP level 4. HP: 26/33 MP: 1/10
  3089 | D:4      | Learned a level 2 spell: Swiftness
  3092 | D:4      | Learned a level 2 spell: Repel Missiles
  3096 | D:4      | Learned a level 3 spell: Static Discharge
  3155 | D:3      | Reached XP level 5. HP: 19/38 MP: 5/12
  3343 | D:3      | Reached skill level 4 in Air Magic
  3454 | D:3      | Noticed an ogre
  3528 | D:3      | Slain by a gnoll

Vault maps used:
D:1:      roderic_dead_forest, nemelex_deck
D:2:      first_bread
D:3:      lemuel_castle_with_subvaults
D:4:      grunt_temple_overflow_diamond, minmay_temple_entry_purple_smoke,
          serial_shops, kennysheep_mini_moat, roderic_roman_lattice,
          eino_curves_02

Action                   |  1- 3 |  4- 6 || total
-------------------------+-------+-------++-------
Melee: Unarmed           |    22 |       ||    22
       Dagger            |    40 |    60 ||   100
       Halberd           |       |     9 ||     9
 Cast: Shock             |   101 |   101 ||   202
       Repel Missiles    |       |     1 ||     1
  Use: Potion            |       |     2 ||     2
       Scroll            |       |     1 ||     1
  Eat: Chunk             |     4 |     5 ||     9
